 Dungeon Crawl Stone Soup version 0.23-a0-619-g281719c6f9 (webtiles) character file.

237 MirrMurr the Sneak (level 5, 0/24 HPs)
             Began as a Spriggan Enchanter on Dec 22, 2018.
             Slain by a big kobold zombie (3 damage)
             ... in an ossuary.
             The game lasted 00:09:08 (3700 turns).

MirrMurr the Sneak (Spriggan Enchanter)             Turns: 3700, Time: 00:09:09

Health: 0/24       AC:  2    Str:  4    XL:     5   Next: 77%
Magic:  2/10       EV: 18    Int: 18    God:
Gold:   158        SH:  0    Dex: 16    Spells: 1/9 levels left

rFire    . . .     SeeInvis +   a - +3 dagger (venom)
rCold    . . .     Gourm    .   (shield restricted)
rNeg     . . .     Faith    .   n - +0 robe
rPois    .         Spirit   .   (helmet restricted)
rElec    .         Reflect  .   (no cloak)
rCorr    .         Harm     .   (gloves unavailable)
MR       .....                  (boots unavailable)
Stlth    ++++......             (no amulet)
HPRegen  0.08/turn              (no ring)
MPRegen  0.12/turn              (no ring)

@: very quick
A: very small, unfitting armour, see invisible, herbivore, speed 3, slow
metabolism 2
a: no special abilities


You were in an ossuary.
You were not hungry.

You visited 1 branch of the dungeon, and saw 4 of its levels.
You also visited: Ossuary.

You collected 158 gold pieces.

Inventory:

Hand Weapons
 a - a +3 dagger of venom (weapon)
 b - a +0 hunting sling
Missiles
 g - 91 stones (quivered)
Armour
 n - a +0 robe (worn)
Wands
 q - a wand of acid (6)
Scrolls
 h - a scroll of fear
 i - 2 scrolls of fog
 j - a scroll of amnesia
 l - a scroll of identify {unknown}
 m - a scroll of remove curse {unknown}
 r - a scroll of teleportation {unknown}
Potions
 d - a potion of curing
 e - a potion of haste {unknown}
 f - a potion of brilliance {unknown}
 k - a potion of heal wounds
 o - a potion of degeneration {unknown}
 p - 2 potions of flight {unknown}
Comestibles
 c - 5 rations


   Skills:
 + Level 4.5 Short Blades
 - Level 3.0 Dodging
 + Level 7.8 Stealth
 - Level 2.6 Spellcasting
 - Level 3.6 Hexes


You had one spell level left.
You knew the following spells:

 Your Spells              Type           Power        Failure   Level  Hunger
a - Ensorcelled Hibernat  Hex/Ice        #.....       12%         2    ##.....
b - Confuse               Hex            ###.....     12%         3    ###....
c - Tukima's Dance        Hex            ###.....     12%         3    ###....

Your spell library contained the following spells:

 Spells                   Type           Power        Failure   Level  Hunger
 Corona                   Hex            ###....      3%          1    #......
 Dazzling Spray           Conj/Hex       #.....       24%         3    ###....


Dungeon Overview and Level Annotations

Branches:
Dungeon (4/15)
 Temple: D:4-7

Altars:
Ru
Zin


Innate Abilities, Weirdness & Mutations

You are very small and have problems with some larger weapons.
You are too small for most types of armour.
You have supernaturally acute eyesight. (SInv)
You are a herbivore.
You cover ground extremely quickly.
You need to consume almost no food.


Message History

Really walk into that needle trap?
Okay, then.
You hit the adder zombie.
The adder zombie is heavily damaged.
A poisoned needle hits the adder zombie!
Really walk into that needle trap? [Y]es or [N]o only, please.
Really walk into that needle trap?
Okay, then.
You open the door.
An orc zombie comes into view.
The goblin zombie hits you.
* * * LOW HITPOINT WARNING * * *
A poisoned needle hits the adder zombie! 3 zombies come into view.
There is an open door here. 2 zombies come into view.
The adder zombie bites the goblin zombie.
The big kobold zombie hits you.
You die...

#...# #...# Z...Z
#...# #...# ##...##
#Z....# #.@Z# #...#
##...## #Z.Z..#
##...## ### ### ###
#.Z.#
###.###.###.####Z##
#M....M.......#.^Z#
'........M...Z'.∩.#


You could see an adder zombie (confused), a rat zombie, a quokka zombie, 2
goblin zombies, a hobgoblin zombie (dormant), a kobold zombie (dormant), a big
kobold zombie and an orc zombie.

Vanquished Creatures
  An elf skeleton (D:4)
  A hound (D:4)
  An orc wizard (D:3)
  A mummy (Ossuary)
  4 adders
  An ooze (D:1)
  A worm (D:2)
  3 dart slugs
  A leopard gecko (D:4)
  A ball python (D:1)
  5 giant cockroaches
  8 goblins
  5 hobgoblins
  4 jackals (D:1)
  A quokka (D:2)
  9 bats
  2 frilled lizards
  3 kobolds (D:1)
  An orc skeleton (D:4)
  9 rats
  A rat zombie (Ossuary)
63 creatures vanquished.

Notes
Turn   | Place    | Note
-------+----------+-------------------------------------------
     0 | D:1      | MirrMurr the Spriggan Enchanter began the quest for the
                  | Orb.
     0 | D:1      | Reached XP level 1. HP: 9/9 MP: 5/5
   417 | D:1      | Reached XP level 2. HP: 12/13 MP: 6/6
   433 | D:1      | Reached skill level 5 in Stealth
   437 | D:1      | Learned a level 2 spell: Ensorcelled Hibernation
   966 | D:1      | Reached XP level 3. HP: 13/16 MP: 8/8
  1514 | D:2      | Learned a level 3 spell: Confuse
  1989 | D:2      | Reached skill level 6 in Stealth
  2252 | D:2      | Reached XP level 4. HP: 21/21 MP: 5/9
  2421 | D:2      | Learned a level 3 spell: Tukima's Dance
  2707 | D:3      | Found a sacrificial altar of Ru.
  2860 | D:3      | Noticed an angel
  2861 | D:3      | Found a glowing silver altar of Zin.
  3494 | D:4      | Reached skill level 7 in Stealth
  3494 | D:4      | Reached XP level 5. HP: 24/24 MP: 5/10
  3613 | D:4      | Found a sand-covered staircase.
  3640 | Ossuary  | Entered an ossuary
  3700 | Ossuary  | Slain by a big kobold zombie

Vault maps used:
D:1:      dpeg_arrival_court, minmay_domino_2
D:3:      zin_angel, nicolae_ru_great_annihilating_truth
D:4:      serial_shops, nicolae_shop_stone, nicolae_ossuary_entry_catacombs,
          small_statue_intersection
Ossuary:  ossuary_minmay_chase

Skill      XL: |  1  2  3  4 |
---------------+-------------+-----
Stealth        | 5 6 7 |  7.8
Short Blades   | 2 3 4 |  4.5
Dodging        | |  3.0
Spellcasting   | |  2.6
Hexes          | |  3.6

Action                   |  1- 3 |  4- 6 || total
-------------------------+-------+-------++-------
Melee: Dagger            |   164 |    60 ||   224
Throw: Stone             |     7 |       ||     7
 Cast: Ensorcelled Hiber |    12 |    10 ||    22
       Confuse           |       |     5 ||     5
  Use: Scroll            |     1 |     3 ||     4
       Potion            |       |     2 ||     2
 Stab: Sleeping          |    17 |    13 ||    30
       Confused          |       |     3 ||     3
  Eat: Ration            |       |     1 ||     1
Armor: Robe              |    32 |     1 ||    33
Dodge: Dodged            |   150 |    31 ||   181

Table legend:
 A = Non-vault XP
 B = Vault XP
 C = Vault XP percentage of total XP
 D = Non-vault monster count
 E = Vault monster count
 F = Vault count percentage of total count
                 A         B        C        D         E       F
            +---------+---------+-------+---------+---------+-------
      Total |     187 |     152 |  44.8 |      53 |      10 |  15.9
            +---------+---------+-------+---------+---------+-------
        D:1 |      44 |       3 |   6.4 |      24 |       2 |   7.7
        D:2 |      64 |       0 |   0.0 |      16 |       0 |   0.0
        D:3 |      30 |      46 |  60.5 |      10 |       4 |  28.6
        D:4 |      49 |      84 |  63.2 |       3 |       2 |  40.0
    Ossuary |       0 |      19 | 100.0 |       0 |       2 | 100.0
            +---------+---------+-------+---------+---------+-------
